AoeStats
← Daniel Gaming

Hideout

509683879Analyzed
1v1 RM · 6d ago on Sep 27, 2026· 58m 52s· 2 players
Game mode
Random Map
Map size
Tiny (2 player)
Population
200
Speed
Normal
Resources
Standard
Victory
Conquest
Starting age
Dark Age
Ending age
Imperial Age
RankedLock teamsTeams togetherTeam positionsShared explorationLock speedFull tech treeHidden civsTurbo modeCheats
Victory
Defeat
🇺🇸 Spanish · United States
1093
+18
🇦🇷 Vietnamese · Argentina
1133
-18
Daniel Gaming
7:14 Loom
10:20 Feudal Age
14:38 Castle Age
13:12 Double-Bit Axe
14:44 Horse Collar
18:11 Heavy Plow
23:53 Bow Saw
25:26 Wheelbarrow
24:38 Town Watch
25:38 Fletching
26:06 Gold Mining
26:07 Stone Mining
30:01 Imperial Age
29:44 Bodkin Arrow
29:49 Padded Archer Armor
30:45 Bracer
30:56 Forging
30:46 Scale Mail Armor
30:51 Scale Barding Armor
31:25 Conscription
31:41 Hand Cart
31:28 Town Patrol
31:47 Leather Archer Armor
32:45 Supremacy
31:57 Sappers
33:42 Onager
35:51 Bloodlines
35:43 Husbandry
36:21 Iron Casting
36:07 Chain Barding Armor
38:31 Blast Furnace
38:14 Ballistics
38:57 Chemistry
37:38 Light Cavalry
39:53 Plate Barding Armor
40:20 Two-Man Saw
40:00 Ballistics
41:41 Hussar
44:00 Cavalier
44:59 Chain Mail Armor
45:15 Ring Archer Armor
45:22 Hoardings
45:29 Fortified Wall
45:14 Murder Holes
45:30 Masonry
48:52 Paladin
55:26 Architecture
DS_mikita
9:26 Loom
11:11 Feudal Age
13:25 Double-Bit Axe
13:53 Horse Collar
14:52 Town Watch
15:16 Town Watch
15:23 Town Watch
19:03 Castle Age
19:15 Fletching
19:26 Padded Archer Armor
19:49 Elite Skirmisher
22:13 Wheelbarrow
21:55 Bow Saw
22:50 Bodkin Arrow
23:11 Leather Archer Armor
24:42 Gold Mining
26:04 Heavy Plow
28:45 Ballistics
31:55 Imperial Age
32:34 Imperial Skirmisher
35:06 Bracer
37:19 Pikeman
38:00 Squires
38:03 Scale Mail Armor
46:25 Ring Archer Armor
47:45 Chemistry
47:07 Halberdier
49:58 Chain Mail Armor
49:54 Forging
52:25 Iron Casting
54:00 Light Cavalry
55:04 Scale Barding Armor
Connection lost

Rejoining the realm…

Still unreachable

The connection could not be restored.

Session expired

The server has moved on; the page needs a fresh start.